 Dungeon Crawl Stone Soup version 0.28.0-53-g5a82cb258f (webtiles) character file.

Game seed: 344947872822464236

97 Plommelars the Chopper (level 4, 0/61 HPs)
             Began as a Minotaur Berserker on July 22, 2022.
             Was a Believer of Trog.
             Slain by an orc priest
             ... wielding a +0 hand axe
              (4 damage)
             ... on level 3 of the Dungeon.
             The game lasted 00:11:36 (2205 turns).

Plommelars the Chopper (Minotaur Berserker)         Turns: 2205, Time: 00:11:38

Health: 0/61       AC: 22    Str: 23    XL:     4   Next: 42%
Magic:  3/3        EV:  2    Int:  4    God:    Trog [**....]
Gold:   85         SH:  0    Dex: 10    Spells: 3/3 levels left

rFire   . . .      SeeInvis .   a - +0 hand axe
rCold   . . .      Faith    .   (no shield)
rNeg    . . .      Spirit   .   (armour currently unavailable)
rPois   +          Reflect  .   (helmet currently unavailable)
rElec   .          Harm     .   (cloak currently unavailable)
rCorr   .          Rampage  .   (gloves currently unavailable)
Will    .....      NoTele   +   (boots currently unavailable)
Stlth   +.........              (no amulet)
HPRegen 0.20/turn               (no ring)
MPRegen 0.08/turn               (no ring)

@: tree-form
A: stationary, stasis, torment immunity, boosted hp, (horns 2), (retaliatory
headbutt)
a: Renounce Religion, Berserk, Trog's Hand


You were on level 3 of the Dungeon.
You worshipped Trog.
Trog was pleased with you.
You were a tree.
You visited 1 branch of the dungeon, and saw 3 of its levels.

You collected 85 gold pieces.

Inventory:

Hand Weapons
 a - a +0 hand axe (weapon)
Armour
 b - a +0 animal skin
 j - a +0 chain mail (melded)
Jewellery
 d - a ring of fire
Scrolls
 e - 2 scrolls of noise {unknown}
 f - 2 scrolls of identify {unknown}
 g - a scroll of fear {unknown}
 h - a scroll of acquirement {unknown}
 i - a scroll of teleportation {unknown}
 k - a scroll of summoning {unknown}
 l - a scroll of fog {unknown}


   Skills:
 + Level 4.3 Fighting
 + Level 5.0 Axes
 + Level 2.7 Armour
 + Level 3.1 Dodging
 + Level 0.2 Stealth


You had 3 spell levels left.
You didn't know any spells.
Your spell library was empty.

Dungeon Overview and Level Annotations

Branches:
Dungeon (3/15)

Altars:
Elyvilon
Zin
The Shining One


Innate Abilities, Weirdness & Mutations

You are a tree.
Your roots penetrate the ground, keeping you stationary.
You cannot be teleported.
You are immune to unholy pain and torment.
Your maximum health is greatly increased.
Your equipment is partially melded.
((You have a pair of horns on your head.))
((You reflexively headbutt those who attack you in melee.))


Message History

The gnoll hits you from afar with a +0 spear.
Your Axes skill increases to level 5!
You barely miss the orc priest.
You headbutt the orc priest, but do no damage.
The orc priest is moderately wounded.
You barely miss the rat. You hit the iguana.
The orc priest hits you but does no damage.
The iguana barely misses you.
You barely miss the orc priest.
The orc priest is moderately wounded.
You hit the iguana but do no damage. You hit the rat.
You kill the rat!
Trog accepts your kill. The orc priest barely misses you. The iguana bites you.
You hit the orc priest.
You headbutt the orc priest, but do no damage.
The orc priest is heavily wounded.
You hit the giant cockroach. You hit the iguana but do no damage.
The giant cockroach closely misses you. You furiously retaliate!
You headbutt the giant cockroach.
You kill the giant cockroach!
Trog accepts your kill.
The orc priest mumbles some strange prayers to Beogh against you.
Beogh smites you!
* * * LOW HITPOINT WARNING * * *
The iguana bites you but does no damage.
It was a potion of lignification.
You turn into a tree.
Your +0 chain mail melds into your body.
Your roots penetrate the ground.
The orc priest hits you but does no damage.
The iguana bites you.
* * * LOW HITPOINT WARNING * * *
Unknown command.
You closely miss the orc priest.
The orc priest is heavily wounded.
You barely miss the orc. You hit the iguana.
You hit the gnoll but do no damage. The orc barely misses you.
A gnoll comes into view. It is wielding a +0 spear.
The orc priest hits you with a +0 hand axe.
You die...

#.##.......
≈....≈....## #.
#.....##
..⌠≈≈......###+##.....#
g≈≈⌠.......#.........##
≈....≈≈..............#
≈..≈≈..≈..#..........#
.≈≈..gg≈..#........#.#
.....gglo.#........#..#
....≈oo♣..#........##.#
≈≈≈≈≈≈###..........# ..
#≈≈≈≈ #..........# ..
#### #........:.#
#....#...### #....#...#
#.####...# #.# #..[#
..# #...#


You could see an iguana, an orc priest, 5 gnolls and 2 orcs.

Vanquished Creatures
  4 adders
  2 dart slugs (D:1)
  4 ball pythons
  5 endoplasms
  4 giant cockroaches
  4 goblins
  5 hobgoblins
  6 jackals
  4 quokkas
  2 bats
  3 frilled lizards
  6 kobolds
  4 rats
53 creatures vanquished.

Notes
Turn   | Place    | Note
-------+----------+-------------------------------------------
     0 | D:1      | Plommelars the Minotaur Berserker began the quest for the
                  | Orb.
     0 | D:1      | Reached XP level 1. HP: 19/19 MP: 0/0
   471 | D:1      | Found a faded altar of an unknown god.
   496 | D:1      | Reached XP level 2. HP: 23/27 MP: 1/1
   503 | D:1      | Reached skill level 4 in Axes
  1320 | D:2      | Reached XP level 3. HP: 29/33 MP: 2/2
  1477 | D:2      | Reached ** piety under Trog
  1928 | D:3      | Reached XP level 4. HP: 37/40 MP: 3/3
  2020 | D:3      | Found a white marble altar of Elyvilon.
  2024 | D:3      | Found a glowing silver altar of Zin.
  2025 | D:3      | Found a glowing golden altar of the Shining One.
  2201 | D:3      | Reached skill level 5 in Axes
  2205 | D:3      | Slain by an orc priest

Illustrated notes

Levels and vault maps discovered:
D:1:      nzn_arrival_settlement, layout_basic,
          hellmonk_ecumenical_altar_pennies_from_heaven
D:2:      layout_loops_ring, serial_glass, glass_columns_a, glass_columns_a,
          glass_columns_a, glass_columns_c, glass_columns_b, glass_columns_a,
          hex_medium
D:3:      cheibrodos_helix_gallery, layout_basic, good_gods_temple_1,
          gammafunk_ghost_necromancy

Skill      XL: |  1  2  3  4 |
---------------+-------------+-----
Axes           | 4 5 |  5.0
Fighting       | 4 |  4.3
Dodging        | 3 |  3.1
Armour         | |  2.7
Stealth        | |  0.2

Action                   |  1- 3 |  4- 6 || total
-------------------------+-------+-------++-------
Melee: Hand axe          |    93 |    23 ||   116
       Headbutt          |    10 |     4 ||    14
       Punch             |     1 |       ||     1
  Use: Potion            |       |     1 ||     1
Armor: Animal skin       |    16 |       ||    16
       Chain mail        |    15 |    17 ||    32
       Skin              |       |     1 ||     1
Dodge: Dodged            |    68 |    14 ||    82
